 Seeded DCSS version 0.29.1-15-g9cfb28693d (webtiles) character file.

Game seed: 16245865983455551772 (custom seed)

121 Darius099 the Covert (level 5, -3/34 HPs)
             Began as an Octopode Brigand on Mar 8, 2023.
             Slain by an orc
             ... wielding a +0 trident
              (8 damage)
             ... on level 3 of the Dungeon.
             The game lasted 00:02:25 (2289 turns).

Darius099 the Covert (Octopode Brigand)             Turns: 2289, Time: 00:02:26

Health: -3/34      AC:  1    Str: 10    XL:     5   Next: 5%
Magic:  5/5        EV: 12    Int: 25    God:
Gold:   913        SH:  4    Dex: 16    Spells: 4/4 levels left

rFire   . . .      SeeInvis .   a - +2 dagger
rCold   + . .      Faith    .   d - +1 buckler of the Equinox {rC+ Regen+}
rNeg    . . .      Spirit   .   (helmet restricted)
rPois   .          Reflect  .   (no amulet)
rElec   .          Harm     .   h - +6 ring of intelligence
rCorr   .          Rampage  .   i - +6 ring of intelligence
Will    .....                   (no ring)
Stlth   +++++.....              (no ring)
HPRegen 0.91/turn               (no ring)
MPRegen 0.09/turn               (no ring)
                                (no ring)
                                (no ring)

@: studying Stealth
A: almost no armour, amphibious, 8 rings, camouflage 1, gelatinous body 1,
(nimble swimmer 1), tentacles
a: no special abilities


You were on level 3 of the Dungeon.
You visited 1 branch of the dungeon, and saw 3 of its levels.

You collected 913 gold pieces.

Inventory:

Hand Weapons
 a - a +2 dagger (weapon)
Missiles
 b - 11 poisoned darts (quivered)
 c - 3 curare-tipped darts
Armour
 d - the +1 buckler of the Equinox (worn) {rC+ Regen+}
   (You acquired it on level 1 of the Dungeon)

   rC:        It protects you from cold.
   Regen:     It increases your rate of health regeneration.
Jewellery
 h - a +6 ring of intelligence (left tentacle)
 i - a +6 ring of intelligence (right tentacle)
Wands
 n - a wand of roots (4)
Scrolls
 g - 2 scrolls of teleportation {unknown}
 j - 2 scrolls of identify {unknown}
 l - a scroll of summoning {unknown}
 m - a scroll of enchant weapon {unknown}
 o - a scroll of noise {unknown}
Potions
 e - a potion of might {unknown}
 f - 2 potions of flight {unknown}
 k - a potion of lignification {unknown}


   Skills:
 - Level 2.0 Fighting
 + Level 3.8 Short Blades
 - Level 2.0 Throwing
 - Level 1.0 Dodging
 + Level 8.1 Stealth


You had 4 spell levels left.
You didn't know any spells.
Your spell library contained the following spells:

 Spells                   Type           Power      Damage    Failure   Level
 Sting                    Tmut/Pois      0%         1d3       19%         1
 Poisonous Vapours        Pois/Air       0%         N/A       28%         2
 Olgreb's Toxic Radiance  Pois           0%         N/A       88%         4
 Chain Lightning          Conj/Air       0%         N/A       100%        9
 Fire Storm               Conj/Fire      0%         5d1       100%        9
 Shatter                  Erth           0%         3d5*      100%        9


Dungeon Overview and Level Annotations

Branches:
Dungeon (3/15)

Altars:

Shops:
D:3 [


Innate Abilities, Weirdness & Mutations

You cannot wear most types of armour.
You are amphibious.
You can wear up to eight rings at the same time.
Your skin changes colour to match your surroundings (Stealth+).
Your rubbery body absorbs attacks. (AC +1, EV +1)
((You are camouflaged when in or above water. (Stealth+)))
You have tentacles for arms and can constrict up to eight enemies at once.


Message History

You hit the orc wizard. You squeeze the orc wizard!
The orc wizard is severely wounded.
You constrict the orc wizard. Something hits you.
The orc throws a poisoned dart.
You block the poisoned dart.
The orc wizard hits you with a +0 dagger.
You hit the orc wizard.
You kill the orc wizard!
Something hits you.
You hit something. You block something's attack.
The orc throws a poisoned dart.
You hit something.
You hear some strange, mumbled words.
A magic dart appears from out of thin air!
The magic dart hits you!
* * * LOW HITPOINT WARNING * * *
You hit something but do no damage. You miss something.
Your squeeze misses something. You block the orc's attack. Something hits you.
* * * LOW HITPOINT WARNING * * *
You hit something. Your squeeze misses something. You hit something.
Reactivating autopickup.
You feel a bit more experienced. The orc hits you with a +0 club.
* * * LOW HITPOINT WARNING * * *
Your Stealth skill increases to level 8!
You have reached level 5!
You feel agile.
You hit the orc. You grab the orc. You squeeze the orc.
The orc is severely wounded.
You constrict the orc.
The orc struggles to escape constriction.
You hit the orc but do no damage.
The orc is almost dead.
You constrict the orc.
You kill the orc!
A ball python comes into view.
You hit the orc. You grab the orc. You squeeze the orc.
You kill the orc!
The orc hits you from afar with a +0 trident!
You die...

###### .... ..#
.###.#####.##### .#
......o))......# #.#
####.###@#...#.##
#.# #..#.#...# #.#
#...∩....# #.#
#..#.#...# #.#
#.#...#..#######.#
.................>#
###.#.############.#
...#.. .........#
####### ########.#


You could see an orc.

Vanquished Creatures
  Jessica (D:2)
  2 orc wizards (D:3)
  An adder (D:2)
  4 orcs (D:3)
  2 ball pythons (D:1)
  3 bats
  4 endoplasms (D:1)
  2 goblins (D:1)
  5 hobgoblins
  4 kobolds
  3 quokkas (D:1)
  3 frilled lizards
  5 rats
39 creatures vanquished.

Vanquished Creatures (others)
  A plant (D:3)
1 creature vanquished.

Grand Total: 40 creatures vanquished

Notes
Turn   | Place    | Note
-------+----------+-------------------------------------------
     0 | D:1      | Darius099 the Octopode Brigand began the quest for the Orb.
     0 | D:1      | Reached XP level 1. HP: 14/14 MP: 1/1
   426 | D:1      | Reached XP level 2. HP: 19/19 MP: 2/2
   502 | D:1      | Found a faded altar of an unknown god.
  1085 | D:1      | Reached skill level 6 in Stealth
  1350 | D:1      | Reached XP level 3. HP: 24/24 MP: 3/3
  1356 | D:1      | Identified 3 scrolls of acquirement
  1356 | D:1      | Acquired 791 gold pieces
  1357 | D:1      | Acquired a manual of Stealth
  1362 | D:1      | Acquired the +1 buckler of the Equinox {rC+ Regen+}
  1484 | D:2      | Noticed Jessica
  1488 | D:2      | Killed Jessica
  1489 | D:2      | Reached skill level 7 in Stealth
  1489 | D:2      | Reached XP level 4. HP: 29/29 MP: 4/4
  2248 | D:3      | Found Ymmy Ciutu's Antique Armour Shoppe.
  2287 | D:3      | Reached skill level 8 in Stealth
  2287 | D:3      | Reached XP level 5. HP: 3/34 MP: 5/5
  2289 | D:3      | Slain by an orc

Illustrated notes

Levels and vault maps discovered:
D:1:      minmay_arrival_hallway, layout_loops_corners, basic_ecumenical_altar,
          minmay_unequal
D:2:      layout_loops_ring, uniq_jessica
D:3:      layout_basic, serial_shops, nicolae_shop_advertising_works
          [nicolae_subvault_shop_adworks], minmay_shallow_snake_nest,
          uniq_natasha

Skill      XL: |  1  2  3  4 |
---------------+-------------+-----
Stealth        | 6 7 8 |  8.1
Short Blades   | 3 |  3.8
Fighting       | |  2.0
Throwing       | |  2.0
Dodging        | |  1.0

Action                   |  1- 3 |  4- 6 || total
-------------------------+-------+-------++-------
Melee: Dagger            |    38 |    35 ||    73
       Constrict         |     6 |     9 ||    15
       Tentacles         |     3 |     7 ||    10
       Punch             |       |     1 ||     1
  Use: Scroll            |     3 |       ||     3
 Stab: Sleeping          |    12 |     7 ||    19
Armor: Skin              |     1 |     3 ||     4
Dodge: Dodged            |    12 |    11 ||    23
Block: Buckler           |       |     6 ||     6
